 Dungeon Crawl Stone Soup version 0.24.0-13-gcf9b319 (webtiles) character file.

Game seed: 11117924611718953511, levelgen mode: deterministic

604 Bronimir the Magician (level 7, -18/37 HPs)
             Began as a Deep Elf Fire Elementalist on Apr 23, 2020.
             Demolished by an ogre
             ... wielding a +0 giant club
              (30 damage)
             ... on level 5 of the Dungeon on Apr 24, 2020.
             The game lasted 00:17:56 (5085 turns).

Bronimir the Magician (Deep Elf Fire Elementalist)  Turns: 5085, Time: 00:17:57

Health: -18/37     AC:  3    Str:  5    XL:     7   Next: 18%
Magic:  14/17      EV: 14    Int: 22    God:
Gold:   263        SH:  0    Dex: 15    Spells: 7/17 levels left

rFire    . . .     SeeInvis .   a - +1 quarterstaff
rCold    . . .     Gourm    .   (shield currently unavailable)
rNeg     . . .     Faith    .   t - +0 robe
rPois    .         Spirit   .   (no helmet)
rElec    .         Reflect  .   (no cloak)
rCorr    .         Harm     .   (no gloves)
MR       .....                  h - +0 pair of boots
Stlth    ++........             (no amulet)
HPRegen  0.12/turn              (no ring)
MPRegen  0.15/turn              (no ring)

@: about to teleport, very slightly contaminated
A: no striking features
a: no special abilities


You were on level 5 of the Dungeon.
You were not hungry.

You visited 1 branch of the dungeon, and saw 6 of its levels.

You collected 263 gold pieces.

Inventory:

Hand Weapons
 a - a +1 quarterstaff (weapon)
 g - a +0 mace
 p - a +0 dagger
 w - a +1 short sword of venom
Missiles
 d - 136 stones
 r - 23 arrows
 u - 75 bolts
 y - 14 poisoned darts (quivered)
Armour
 b - a +0 ring mail
 h - a +0 pair of boots (worn)
 k - a +0 buckler
 t - a +0 robe (worn)
 B - a cursed +0 leather armour
Wands
 n - a wand of iceblast (19)
 z - a wand of acid (3)
Scrolls
 e - 3 scrolls of identify
 i - 3 scrolls of remove curse
 j - 2 scrolls of teleportation
 m - a scroll of amnesia
Potions
 f - 2 potions of curing
 l - a potion of mutation {unknown}
 o - 2 potions of heal wounds {unknown}
 q - a potion of might {unknown}
 s - a potion of berserk rage {unknown}
 x - a potion of degeneration {unknown}
Comestibles
 c - 16 rations
 v - a chunk of flesh


   Skills:
 + Level 0.9 Fighting
 + Level 1.6 Staves
 * Level 4.2 Dodging
 + Level 3.6 Stealth
 * Level 5.9 Spellcasting
 * Level 3.5 Conjurations
 * Level 5.3 Fire Magic


You had 7 spell levels left.
You knew the following spells:

 Your Spells              Type           Power        Failure   Level  Hunger
a - Flame Tongue          Conj/Fire      ####.        1%          1    None
b - Throw Flame           Conj/Fire      ####..       2%          2    None
c - Conjure Flame         Conj/Fire      ####....     4%          3    #......
d - Sticky Flame          Conj/Fire      ####....     16%         4    ###....

Your spell library contained the following spells:

 Spells                   Type           Power        Failure   Level  Hunger
 Inner Flame              Hex/Fire       ###.....     10%         3    #......
 Fireball                 Conj/Fire      ####......   38%         5    #####..


Dungeon Overview and Level Annotations

Branches:
Dungeon (6/15)
 Temple: D:4-7

Altars:
Cheibriados
Okawaru

Annotations:
D:5 Sigmund


Message History

An adder comes into view.
An adder is nearby!
An ogre comes into view. It is wielding a +0 giant club.
The ogre shouts!
The ogre hits you with a +0 giant club!!
Ouch! That really hurt!
* * * LOW HITPOINT WARNING * * *
Casting: Sticky Flame (slightly dangerous; 16% risk of failure)
Confirm with . or Enter, or press ? or * to list all spells.
Aiming: Sticky Flame (slightly dangerous; 16% risk of failure)
Press: ? - help, Shift-Dir - straight line, f - ogre
Aim: an ogre, wielding a +0 giant club You miscast Sticky Flame.
You are very lightly contaminated with residual magic.
Your hair stands on end.
The ogre barely misses you.
As you read the scroll of teleportation, it crumbles to dust.
You feel strangely unstable.
The ogre hits you with a +0 giant club!!
Ouch! That really hurt!
You die...

..S........# #...# #....#
...........#####'######.###
...........+............#
...........###.......O..## l#
...).........#......5....##.#
...........#.######.####.##.#
...........#.##P≈##.# #.##.#
.....#######O#..≈.#.# #..#..
..... #@##P.##.# ##.#.# ...#
#.######.#####...# ...
#...............)# .#
#................#
#..............÷.#
#.......÷........#
#...............>#
#..........#######
#..........###


You could see an ogre.

Vanquished Creatures
  Prince Ribbit (D:5)
  An ogre (D:5)
  A jelly (D:5)
  A crimson imp (D:5)
  An orc priest (D:3)
  A hound (D:5)
  A worker ant (D:4)
  4 gnolls
  5 adders
  An ooze (D:3)
  4 worms
  A dart slug (D:4)
  A leopard gecko (D:4)
  10 orcs (D:3)
  6 giant cockroaches
  8 goblins
  9 hobgoblins
  A jackal (D:5)
  5 kobolds
  A quokka (D:5)
  A ball python (D:1)
  A bat (D:3)
  5 frilled lizards
  13 rats
83 creatures vanquished.

Vanquished Creatures (others)
  8 fungi (D:5)
8 creatures vanquished.

Grand Total: 91 creatures vanquished

Notes
Turn   | Place    | Note
-------+----------+-------------------------------------------
     0 | D:1      | Bronimir the Deep Elf Fire Elementalist began the quest for
                  | the Orb.
     0 | D:1      | Reached XP level 1. HP: 10/10 MP: 6/6
   126 | D:1      | Reached XP level 2. HP: 15/15 MP: 0/8
   139 | D:1      | Learned a level 2 spell: Throw Flame
  1131 | D:2      | Found a snail-covered altar of Cheibriados.
  1189 | D:2      | Reached XP level 3. HP: 19/19 MP: 7/9
  1504 | D:2      | Learned a level 3 spell: Conjure Flame
  1933 | D:3      | Reached XP level 4. HP: 17/24 MP: 1/11
  2750 | D:3      | Reached XP level 5. HP: 19/28 MP: 11/13
  3374 | D:3      | Learned a level 4 spell: Sticky Flame
  3738 | D:4      | Found an iron altar of Okawaru.
  4507 | D:5      | Entered Level 5 of the Dungeon
  4600 | D:5      | Noticed Prince Ribbit
  4607 | D:5      | Killed Prince Ribbit
  4607 | D:5      | Reached skill level 1 in Staves
  4607 | D:5      | Reached skill level 5 in Spellcasting
  4607 | D:5      | Reached skill level 5 in Fire Magic
  4607 | D:5      | Reached XP level 6. HP: 22/33 MP: 6/16
  4738 | D:5      | Noticed Sigmund
  4770 | D:5      | Reached XP level 7. HP: 13/37 MP: 2/17
  5085 | D:5      | Demolished by an ogre

Levels and vault maps discovered:
D:1:      dpeg_arrival_rooms_c, layout_loops_ring, kennysheep_boxes
D:2:      layout_basic, nicolae_overflow_crystal_walls
D:3:      layout_loops_ring, kennysheep_nub
D:4:      layout_gridville, okawaru_trees_1
D:5:      layout_basic, chequers_temple_overflow_statue_of_worship,
          minmay_temple_entry_glass, serial_aquarium,
          aquarium_bridge_long_joined [aquarium_subvault_bridge,
          aquarium_subvault_bridge, aquarium_subvault_bridge,
          aquarium_subvault_bridge, aquarium_subvault_bridge,
          aquarium_subvault_balcony], aquarium_bridge_square
          [aquarium_subvault_window, aquarium_subvault_bridge,
          aquarium_subvault_bridge, aquarium_subvault_wall],
          aquarium_window_fake, aquarium_window_1, aquarium_window_fake,
          aquarium_view_2d, aquarium_view_2c, aquarium_balcony_5b,
          aquarium_pool_five, first_ration, uniq_sigmund, uniq_prince_ribbit1
D:6:      layout_basic, lemuel_round_altar, eat_drink_and_be_merry_uskayaw

Skill      XL: |  1  2  3  4  5  6 |
---------------+-------------------+-----
Fire Magic     | 4 5 |  5.3
Dodging        | 3 4 |  4.2
Conjurations   | 2 3 |  3.5
Spellcasting   | 4 5 |  5.9
Stealth        | 3 |  3.6
Staves         | 1 |  1.6
Fighting       | |  0.9

Action                   |  1- 3 |  4- 6 |  7- 9 || total
-------------------------+-------+-------+-------++-------
Melee: Unarmed           |     3 |       |       ||     3
       Short sword       |     5 |     5 |       ||    10
       Quarterstaff      |       |    43 |     7 ||    50
 Cast: Flame Tongue      |    82 |    37 |       ||   119
       Throw Flame       |     5 |    11 |       ||    16
       Sticky Flame      |       |    11 |     2 ||    13
  Use: Scroll            |       |     6 |     1 ||     7
 Stab: Sleeping          |       |     1 |       ||     1
  Eat: Chunk             |     3 |    10 |     2 ||    15
Armor: Robe              |     6 |    17 |     1 ||    24
Dodge: Dodged            |    23 |    51 |     8 ||    82
Block: Buckler           |     5 |       |       ||     5
